 Dungeon Crawl Stone Soup version 0.25.1-1-g288607f (webtiles) character file.

Game seed: 8337291443823599120

779 RonnieColeman the Conjurer (level 7, -4/46 HPs)
             Began as an Octopode Conjurer on Sept 11, 2020.
             Slain by a sky beast (5 damage)
             ... on level 4 of the Dungeon.
             The game lasted 00:10:20 (6252 turns).

RonnieColeman the Conjurer (Octopode Conjurer)      Turns: 6252, Time: 00:10:20

Health: -4/46      AC:  1    Str:  7    XL:     7   Next: 85%
Magic:  5/14       EV: 13    Int: 26    God:
Gold:   273        SH:  5    Dex: 12    Spells: 13/16 levels left

rFire    . . .     SeeInvis .   f - +0 dagger
rCold    . . .     Gourm    .   m - +0 buckler
rNeg     . . .     Faith    .   (helmet restricted)
rPois    +         Spirit   .   (no amulet)
rElec    .         Reflect  .   h - +6 ring of intelligence
rCorr    .         Harm     .   t - ring of poison resistance
MR       .....                  (no ring)
Stlth    +++.......             (no ring)
HPRegen  0.15/turn              (no ring)
MPRegen  0.14/turn              (no ring)
                                (no ring)
                                (no ring)

@: no status effects
A: almost no armour, stealthy swim, amphibious, 8 rings, constrict 8, camouflage
1, gelatinous body 1
a: no special abilities


You were on level 4 of the Dungeon.
You were hungry.

You visited 1 branch of the dungeon, and saw 5 of its levels.

You collected 273 gold pieces.

Inventory:

Hand Weapons
 c - a +0 club
 f - a +0 dagger (weapon)
Armour
 m - a +0 buckler (worn)
Jewellery
 h - a +6 ring of intelligence (left tentacle)
 t - a ring of poison resistance (right tentacle)
Wands
 r - a wand of acid (8)
 s - a wand of random effects (30)
Scrolls
 a - 3 scrolls of remove curse
 d - 3 scrolls of blinking {unknown}
 e - a scroll of identify {unknown}
 g - 2 scrolls of magic mapping {unknown}
 i - 2 scrolls of enchant armour {unknown}
 k - a scroll of random uselessness {unknown}
 n - a scroll of teleportation {unknown}
 q - 2 scrolls of enchant weapon {unknown}
 u - a scroll of fear {unknown}
 v - 2 scrolls of amnesia {unknown}
Potions
 j - 2 potions of heal wounds {unknown}
 l - 2 potions of curing {unknown}
 o - a potion of flight {unknown}
 p - a potion of degeneration {unknown}
 w - a potion of brilliance {unknown}
Comestibles
 b - 10 rations


   Skills:
 - Level 3.0 Fighting
 - Level 2.0 Dodging
 - Level 2.6 Stealth
 * Level 4.2 Shields
 * Level 5.1 Spellcasting
 + Level 5.4 Conjurations


You had 13 spell levels left.
You knew the following spells:

 Your Spells              Type           Power        Failure   Level  Hunger
a - Magic Dart            Conj           ####         1%          1    None
b - Searing Ray           Conj           ####..       1%          2    None

Your spell library contained the following spells:

 Spells                   Type           Power        Failure   Level  Hunger
 Dazzling Flash           Conj/Hex       ###...       8%          3    #......
 Fulminant Prism          Conj/Hex       ###.......   24%         4    ###....
 Iskenderun's Mystic Bla  Conj/Tloc      ###.....     24%         4    ###....


Dungeon Overview and Level Annotations

Branches:
Dungeon (5/15)
 Temple: D:4-7

Altars:
Ashenzari
Fedhas
Hepliaklqana
Ru
Trog
The Shining One

Shops:
D:4 [


Innate Abilities, Weirdness & Mutations

You cannot wear most types of armour.
You are very stealthy in the water. (Stealth+)
You are amphibious.
You can wear up to eight rings at the same time.
You can use your tentacles to constrict eight enemies at once.
Your skin changes colour to match your surroundings (Stealth+).
Your rubbery body absorbs attacks. (AC +1, EV +1)


Message History

The sky beast flickers out of sight!
Deactivating autopickup; reactivate with Ctrl-A.
Something hits you.
* * * LOW HITPOINT WARNING * * *
Something shocks you.
* * * LOW HITPOINT WARNING * * *
Found 14 gold pieces.
A sky beast appears from thin air!
Reactivating autopickup.
The sky beast flickers out of sight!
Deactivating autopickup; reactivate with Ctrl-A.
There is a stone staircase leading up here.
Something completely misses you.
You climb upwards.
Reactivating autopickup.
There is a stone staircase leading down here.
You start resting.
Something hits you.
* * * LOW HITPOINT WARNING * * *
Something shocks you.
You die...

..............'.........#.....#..
..............########.##.....###
...........#'####..###.#.........
...........'...........'.........
...........#...........#.........
#######....#...#########.........
.#....#....#...###.##..#....#####
.#....#....#...........#....#....
.#....'..∩.#....@......#....#....
.#....#....#...........#....#....
.##...#....###..##.###'#....#####
.##...#......##+#####..#....#...#
......#......#.........#....+....
......#......#.........'....#....
.##...#......#...#######....#...#
.######.....##...#####......#'###
......#.....#........#......#....


There were no monsters in sight!

Vanquished Creatures
  Sigmund (D:3)
  Eustachio (D:4)
  A water moccasin (D:5)
  A scorpion (D:5)
  A howler monkey (D:4)
  2 orc priests (D:3)
  2 iguanas (D:4)
  3 gnolls (D:4)
  4 adders
  An ooze (D:1)
  2 adder skeletons (D:5)
  A worm (D:2)
  4 dart slugs
  5 leopard geckos
  2 orcs (D:3)
  9 giant cockroaches
  13 hobgoblins
  7 jackals
  2 ball pythons
  7 bats
  9 frilled lizards
  9 goblins
  8 kobolds
  2 quokka skeletons (D:4)
  13 rats
110 creatures vanquished.

Notes
Turn   | Place    | Note
-------+----------+-------------------------------------------
     0 | D:1      | RonnieColeman the Octopode Conjurer began the quest for the
                  | Orb.
     0 | D:1      | Reached XP level 1. HP: 11/11 MP: 3/3
   313 | D:1      | Reached XP level 2. HP: 3/18 MP: 1/5
   836 | D:1      | Reached skill level 1 in Fighting
   836 | D:1      | Reached XP level 3. HP: 12/23 MP: 7/7
  1294 | D:1      | Learned a level 2 spell: Searing Ray
  2090 | D:2      | Found a glowing golden altar of the Shining One.
  2131 | D:2      | Reached XP level 4. HP: 28/28 MP: 5/8
  2244 | D:2      | Found a shattered altar of Ashenzari.
  2543 | D:2      | Found a blossoming altar of Fedhas.
  3071 | D:3      | Found a sacrificial altar of Ru.
  3096 | D:3      | Noticed Sigmund
  3680 | D:4      | Reached skill level 1 in Shields
  3681 | D:4      | Reached XP level 5. HP: 23/34 MP: 4/10
  3901 | D:4      | Found Cugugodd's Antique Armour Boutique.
  3955 | D:4      | Noticed Eustachio
  3974 | D:4      | Killed Eustachio
  3974 | D:4      | Reached XP level 6. HP: 8/41 MP: 0/11
  4514 | D:4      | Found a hazy altar of Hepliaklqana.
  4878 | D:3      | Reached skill level 5 in Conjurations
  5198 | D:3      | Killed Sigmund
  5198 | D:3      | Reached XP level 7. HP: 44/46 MP: 2/13
  5477 | D:3      | Found a bloodstained altar of Trog.
  6011 | D:5      | Entered Level 5 of the Dungeon
  6111 | D:5      | Reached skill level 5 in Spellcasting
  6221 | D:5      | HP: 1/46 [something (5)]
  6252 | D:4      | HP: 1/46 [something (5)]
  6252 | D:4      | Slain by a sky beast

Illustrated notes

Levels and vault maps discovered:
D:1:      minmay_arrival_five_plusses, layout_basic
D:2:      layout_basic, lemuel_crystal_altar, lemuel_round_altar, first_ration,
          fedhas_ov_isle_minmay
D:3:      layout_basic, nicolae_ru_sacrificial_ziggurat, bloody_trog,
          uniq_sigmund
D:4:      layout_gridville, kennysheep_mini, serial_shops, shop, uniq_eustachio
D:5:      layout_rooms, grunt_temple_overflow_order_and_chaos_2,
          kennysheep_mini_moat, gammafunk_temple_overflow_elements,
          chequers_garden, minmay_ogre_servants, uniq_ijyb

Skill      XL: |  1  2  3  4  5  6  7 |
---------------+----------------------+-----
Fighting       | 1 2 3 |  3.0
Spellcasting   | 3 4 5 |  5.1
Shields        | 1 2 3 4 |  4.2
Conjurations   | 5 |  5.4
Dodging        | |  2.0
Stealth        | |  2.6

Action                   |  1- 3 |  4- 6 |  7- 9 || total
-------------------------+-------+-------+-------++-------
Melee: Club              |    18 |       |       ||    18
       Constrict         |    21 |    20 |    13 ||    54
       Tentacles         |     6 |    13 |     6 ||    25
       Dagger            |    53 |    67 |    58 ||   178
 Cast: Magic Dart        |    27 |    16 |     6 ||    49
       Searing Ray       |       |    27 |    17 ||    44
  Use: Scroll            |       |       |     1 ||     1
 Stab: Sleeping          |     9 |     6 |     6 ||    21
       Distracted        |       |       |     1 ||     1
  Eat: Chunk             |     4 |     8 |     4 ||    16
Armor: Skin              |     3 |     4 |     6 ||    13
Dodge: Dodged            |    43 |    30 |    42 ||   115
Block: Buckler           |       |    15 |    10 ||    25
